 Seeded DCSS version 0.24.0-37-gcf1ca852f1 (console) character file.

Game seed: 93891015573, levelgen mode: deterministic

25247 Kagalorn the Severer (level 13, -1/226 HPs)
             Began as a Human Hunter on Dec 6, 2019.
             Was the Champion of Okawaru.
             Slain by a killer bee (3 damage)
             ... on level 3 of the Lair of Beasts.
             The game lasted 00:50:39 (18516 turns).

Kagalorn the Severer (Human Hunter)                Turns: 18516, Time: 00:50:39

Health: -1/226     AC: 26    Str: 29    XL:     13   Next: 49%
Magic:  19/19      EV:  2    Int: 12    God:    Okawaru [******]
Gold:   623        SH:  0    Dex: 14    Spells: 12/12 levels left

rFire    . . .     SeeInvis +   w - +2 mace {crush, *Slow Str+7 SInv}
rCold    . . .     Gourm    .   (no shield)
rNeg     + + +     Faith    .   (armour currently unavailable)
rPois    +         Spirit   .   (helmet currently unavailable)
rElec    .         Reflect  .   (cloak currently unavailable)
rCorr    .         Harm     .   (gloves currently unavailable)
MR       .....     NoTele   +   (boots currently unavailable)
Stlth    ..........             u - amulet of rage
HPRegen  0.47/turn              V - ring of poison resistance
MPRegen  0.16/turn              Q - +6 ring of evasion

@: berserking, lethally poisoned (-1 -> -21), tree-form, heroism, very quick
A: no striking features
a: Heroism, Finesse, Renounce Religion, Evoke Berserk Rage


You were on level 3 of the Lair of Beasts.
You worshipped Okawaru.
Okawaru was exalted by your worship.
You were not hungry.
You were a tree.
You visited 3 branches of the dungeon, and saw 16 of its levels.

You collected 955 gold pieces.
You spent 332 gold pieces at shops.

Inventory:

Hand Weapons
 b - the +9 fustibalus of Satyriasis {flame, rPois}
   (Okawaru gifted it to you on level 2 of the Lair of Beasts)

   It causes projectiles fired from it to burn those they strike, causing extra
   injury to most foes and up to half again as much damage against particularly
   susceptible opponents.
   It protects you from poison.
 w - the +2 mace of Midnight (weapon) {crush, *Slow Str+7 SInv}
   (You found it on level 2 of the Lair of Beasts)

   It inflicts extra damage upon your enemies.
   It affects your strength (+7).
   It lets you see invisible.
   It may slow you when you take damage.
Missiles
 c - 6 javelins
 d - 6 throwing nets
 n - 37 poisoned darts (quivered)
 Y - 11 sling bullets
 Z - 43 stones
Armour
 j - a +0 helmet (melded)
 q - a +2 pair of gloves of archery (melded)
 L - a +2 cloak (melded)
 U - +0 gold dragon scales
 W - a +2 plate armour of positive energy (melded)
Jewellery
 u - an amulet of rage (around neck)
 v - an uncursed ring of protection from magic
 y - an uncursed ring of ice
 G - the ring of Wielij {rF+ SInv}
   (You found it on level 5 of the Dungeon)

   [ring of protection from fire]

   It protects you from fire.
   It lets you see invisible.
 I - an uncursed ring of protection from cold
 M - the ring of the Original Sin {MR+ SInv}
   (You found it on level 1 of the Lair of Beasts)

   [ring of see invisible]

   It affects your resistance to hostile enchantments.
   It lets you see invisible.
 O - an uncursed ring of wizardry
 Q - a +6 ring of evasion (right branch)
 R - an uncursed amulet of the acrobat
 V - a ring of poison resistance (left branch)
Wands
 s - a wand of digging (4)
 x - a wand of paralysis (8)
 D - a wand of acid (9)
 T - a wand of clouds (6)
Scrolls
 g - 5 scrolls of remove curse
 h - a scroll of magic mapping
 i - 3 scrolls of enchant weapon
 k - a scroll of fear
 r - 5 scrolls of amnesia
 B - 2 scrolls of enchant armour
 P - a scroll of fog
 X - 10 scrolls of teleportation
Potions
 e - 7 potions of flight
 l - 4 potions of haste
 o - a potion of resistance
 p - a potion of ambrosia
 t - a potion of cancellation
 z - 5 potions of curing
 A - a potion of magic
 C - 6 potions of brilliance
 E - a potion of mutation
 F - 5 potions of agility
 H - 2 potions of invisibility
 K - a potion of berserk rage
 N - a potion of might
 S - a potion of heal wounds
Comestibles
 f - 7 rations


   Skills:
 * Level 9.5(14.5) Fighting
   Level 16.0(21.0) Axes
 * Level 4.5(9.5) Throwing
 * Level 7.2(12.2) Armour
 + Level 2.1(7.1) Dodging
 - Level 1.0(6.0) Stealth
 - Level 8.0 Invocations


You had 12 spell levels left.
You didn't know any spells.
Your spell library contained the following spells:

 Spells                   Type           Power        Failure   Level  Hunger
 Beastly Appendage        Tmut           #.....       32%         1    ##.....
 Corona                   Hex            #......      32%         1    ##.....
 Summon Small Mammal      Summ           #...         32%         1    ##.....
 Call Imp                 Summ           #.......     45%         2    ###....
 Slow                     Hex            #.......     45%         2    ###....
 Sticks to Snakes         Tmut           #.......     45%         2    ###....
 Sublimation of Blood     Necr           #.........   45%         2    ###....
 Call Canine Familiar     Summ           #.......     69%         3    ####...
 Ignite Poison            Fire/Tmut/Pois #.......     69%         3    ####...
 Inner Flame              Hex/Fire       #.......     69%         3    ####...
 Portal Projectile        Hex/Tloc       #.....       69%         3    ####...
 Spider Form              Tmut/Pois      #.........   69%         3    ####...
 Summon Guardian Golem    Hex/Summ       #.......     69%         3    ####...
 Cause Fear               Hex            #.........   97%         4    #####..
 Ice Form                 Ice/Tmut       #.......     97%         4    #####..
 Leda's Liquefaction      Hex/Erth       #.........   97%         4    #####..
 Petrify                  Tmut/Erth      #.......     97%         4    #####..
 Summon Ice Beast         Ice/Summ       #.......     97%         4    #####..
 Summon Lightning Spire   Summ/Air       #.......     97%         4    #####..
 Alistair's Intoxication  Tmut/Pois      #.......     100%        5    ######.
 Blade Hands              Tmut           #.........   100%        5    ######.
 Irradiate                Conj/Tmut      #.........   100%        5    ######.
 Hydra Form               Tmut           #.........   100%        6    #######
 Statue Form              Tmut/Erth      #........    100%        6    #######
 Dragon Form              Tmut           #.........   100%        7    #######


Dungeon Overview and Level Annotations

Branches:
Dungeon (11/15)            Temple (1/1) D:5            Lair (4/6) D:11
 Shoals (0/4) Lair:3        Snake (0/4) Lair:2          Orc (0/2) D:10

Altars:
Ashenzari
Cheibriados
Dithmenos
Elyvilon
Fedhas
Gozag
Hepliaklqana
Kikubaaqudgha
Makhleb
Nemelex Xobeh
Okawaru
Qazlal
Ru
Sif Muna
Trog
Uskayaw
Vehumet
Wu Jian
Xom
Yredelemnul
Zin
The Shining One
Lugonu

Shops:
D:6 !   D:7 [   D:11 }[=

Annotations:
Lair:1 1 runed translucent door, Purph's ghost, journeyman MiBe
Lair:2 exclusion: oklob plant
Lair:3 exclusion: oklob plant


Message History

Something smites you!
* * * LOW HITPOINT WARNING * * *
The killer bee stings you but does no damage. x2
You miss the killer bee.
* * * LOW HITPOINT WARNING * * *
You feel sick.
The killer bee stings you but does no damage.
The meliai hits you with a +0 hand axe.
* * * LOW HITPOINT WARNING * * *
The meliai stings you but does no damage.
You barely miss the meliai. Your punch misses the meliai.
* * * LOW HITPOINT WARNING * * *
You feel sick.
The killer bee stings you but does no damage. x2
The meliai barely misses you.
The meliai stings you but does no damage.
You hit the meliai but do no damage.
* * * LOW HITPOINT WARNING * * *
You feel sick. The killer bee stings you.
You die...

##.......##...)...)..#
#.......##..<.......## #
##....................###
#........y............##.
#....................###.
##......##........>..##P.
##......##P..........'...
#......y###..........##.#
##....yy♣#.......)...####
#......y###..........[#
##......####+†#.#P.####
###.#.#.###.#######
#......##P..#
##.#.+####...# ##
##......###...##### .###
#........###'##P#.###
...##
##......#...........#


You could see a meliai and 3 killer bees.

Vanquished Creatures
  A fire dragon (Lair:1)
  4 hydras
  3 two-headed ogres
  Pikel (D:5)
  An ugly thing (D:11)
  A manticore (D:11)
  Joseph (D:7)
  2 gargoyles (D:11)
  A black mamba (Lair:2)
  2 spiny frogs (Lair:2)
  A kobold demonologist (D:10)
  2 komodo dragons
  A polar bear (Lair:2)
  A meliai (Lair:3)
  A queen bee (Lair:3)
  5 blink frogs (Lair:3)
  A shadow (D:11)
  A wyvern (Lair:1)
  32 yaks
  6 orc warriors
  11 porcupines
  12 water moccasins
  4 black bears
  An ice beast (D:10)
  3 sky beasts
  A phantom (D:10)
  3 ogres
  6 wolves (Lair:1)
  3 centaurs
  5 crocodiles
  11 bullfrogs
  5 big kobolds
  Blork the orc (D:5)
  A wyvern zombie (D:9)
  8 scorpions
  A water moccasin skeleton (D:6)
  20 killer bees
  5 wights (D:10)
  3 howler monkeys (D:11)
  An electric eel (Lair:2)
  3 crimson imps
  A bullfrog zombie (D:9)
  A centaur skeleton (D:8)
  3 hounds
  12 orc priests
  3 jellies
  11 orc wizards
  3 bullfrog skeletons
  2 iguanas
  4 worker ants
  A killer bee zombie (D:5)
  A hound zombie (D:9)
  A hound skeleton (D:7)
  Robin (D:2)
  A howler monkey zombie (D:8)
  A worker ant zombie (D:9)
  14 gnolls
  17 adders
  A shadow imp (D:10)
  An ooze (D:2)
  2 adder skeletons (D:8)
  6 worms
  4 dart slugs
  4 leopard geckos
  52 orcs
  A ball python (Lair:2)
  9 giant cockroaches
  11 goblins
  18 hobgoblins
  10 jackals
  5 quokkas
  16 bats
  7 frilled lizards
  24 kobolds
  A leopard gecko skeleton (D:5)
  5 rats
  2 fungi
  A plant (Lair:2)
433 creatures vanquished.

Vanquished Creatures (others)
  A giant cockroach (D:3)
  15 fungi
  5 plants
21 creatures vanquished.

Grand Total: 454 creatures vanquished

Notes
Turn   | Place    | Note
-------+----------+-------------------------------------------
     0 | D:1      | Kagalorn the Human Hunter began the quest for the Orb.
     0 | D:1      | Reached XP level 1. HP: 16/16 MP: 1/1
   245 | D:1      | Reached XP level 2. HP: 13/23 MP: 2/2
   504 | D:1      | Reached XP level 3. HP: 29/29 MP: 3/3
   786 | D:2      | Noticed Robin
  1227 | D:2      | Found a faded altar of an unknown god.
  1366 | D:2      | Reached skill level 1 in Axes
  1366 | D:2      | Reached XP level 4. HP: 34/37 MP: 4/4
  1841 | D:2      | Reached XP level 5. HP: 38/43 MP: 5/5
  1846 | D:2      | Killed Robin
  1846 | D:2      | Reached skill level 2 in Axes
  2303 | D:3      | Found a radiant altar of Vehumet.
  2487 | D:3      | Found a shadowy altar of Dithmenos.
  2972 | D:3      | Reached skill level 3 in Axes
  2972 | D:3      | Reached XP level 6. HP: 45/49 MP: 6/6
  3014 | D:3      | Found an ancient bone altar of Kikubaaqudgha.
  3175 | D:3      | Found a bloodstained altar of Trog.
  3570 | D:4      | Found a hide-covered altar of Uskayaw.
  3573 | D:4      | Noticed a -2 hand axe
  3573 | D:4      | Noticed a +0 dagger
  3690 | D:5      | Entered Level 5 of the Dungeon
  3736 | D:5      | Reached skill level 4 in Axes
  3963 | D:5      | Noticed a slave
  3964 | D:5      | Noticed Pikel
  3976 | D:5      | Noticed a slave
  3977 | D:5      | Noticed a slave
  3978 | D:5      | Noticed a slave
  3998 | D:5      | Killed Pikel
  3998 | D:5      | Reached skill level 5 in Fighting
  3998 | D:5      | Reached skill level 6 in Axes
  3998 | D:5      | Reached XP level 7. HP: 49/57 MP: 7/7
  3998 | D:5      | Reached XP level 8. HP: 56/64 MP: 8/8
  4092 | D:5      | Found a burning altar of Makhleb.
  4270 | D:5      | Found a staircase to the Ecumenical Temple.
  4278 | D:5      | Reached skill level 7 in Axes
  4287 | Temple   | Entered the Ecumenical Temple
  4325 | Temple   | Became a worshipper of Warmaster Okawaru
  4346 | D:5      | Got a brightly glowing bone ring
  4347 | D:5      | Identified the ring of Wielij {rF+ SInv} (You found it on
                  | level 5 of the Dungeon)
  4354 | D:5      | Noticed Blork the orc
  4364 | D:5      | Killed Blork the orc
  4789 | D:5      | Found a shimmering altar of Xom.
  4844 | D:5      | Reached skill level 8 in Axes
  4939 | D:5      | Found a blossoming altar of Fedhas.
  5186 | D:6      | Found Ucwymifa's Distillery.
  5213 | D:6      | Bought a potion of flight for 42 gold pieces
  5213 | D:6      | Bought a potion of agility for 56 gold pieces
  5213 | D:6      | Bought a potion of curing for 42 gold pieces
  5213 | D:6      | Bought a potion of lignification for 42 gold pieces
  5234 | D:6      | Found an ornate altar of the Wu Jian Council.
  5303 | D:6      | Reached * piety under Okawaru
  5303 | D:6      | Reached skill level 1 in Invocations
  5303 | D:6      | Reached XP level 9. HP: 62/69 MP: 9/9
  5719 | D:6      | Reached skill level 9 in Axes
  6054 | D:7      | Noticed Joseph
  6070 | D:7      | Killed Joseph
  6152 | D:7      | Reached skill level 10 in Axes
  6629 | D:7      | Found a hazy altar of Hepliaklqana.
  6722 | D:7      | Found a white marble altar of Elyvilon.
  6726 | D:7      | Reached ** piety under Okawaru
  7077 | D:7      | Reached skill level 11 in Axes
  7078 | D:7      | Reached XP level 10. HP: 67/76 MP: 12/12
  7265 | D:7      | Found Tauguuhicw's Antique Armour Shoppe.
  7608 | D:8      | Noticed a two-headed ogre
  7758 | D:8      | Found the +7 Singing Sword {slice, sonic wave}
  8015 | D:8      | Found a shimmering blue altar of Sif Muna.
  8115 | D:8      | Reached skill level 12 in Axes
  8381 | D:8      | Reached *** piety under Okawaru
  8813 | D:8      | Found a basalt altar of Yredelemnul.
  8815 | D:8      | Found a sparkling altar of Nemelex Xobeh.
  8815 | D:8      | Found a glowing golden altar of the Shining One.
  9215 | D:8      | Killed a two-headed ogre
  9263 | D:8      | Reached skill level 13 in Axes
  9721 | D:7      | Bought a glowing chain mail for 150 gold pieces
  9804 | D:9      | Reached **** piety under Okawaru
  9817 | D:9      | Reached XP level 11. HP: 45/81 MP: 12/14
 10221 | D:9      | Noticed a two-headed ogre
 10227 | D:9      | Killed a two-headed ogre
 10238 | D:9      | Reached skill level 14 in Axes
 10332 | D:9      | Found a glowing silver altar of Zin.
 10532 | D:10     | Entered Level 10 of the Dungeon
 10902 | D:10     | Reached ***** piety under Okawaru
 11473 | D:10     | Reached skill level 5 in Invocations
 11719 | D:10     | Found a staircase to the Orcish Mines.
 12038 | D:11     | Noticed a manticore
 12060 | D:11     | Killed a manticore
 12184 | D:11     | Reached skill level 15 in Axes
 12199 | D:11     | Noticed a two-headed ogre
 12239 | D:11     | Killed a two-headed ogre
 12602 | D:11     | Reached XP level 12. HP: 88/88 MP: 16/16
 12991 | D:11     | Found Conwiudd's Antique Armour Boutique.
 13029 | D:11     | Found Issul's Jewellery Emporium.
 13092 | D:11     | Received a gift from Okawaru
 13105 | D:11     | Reached skill level 16 in Axes
 13168 | D:11     | Found a staircase to the Lair.
 13204 | D:11     | Found Ziokhly's Gadget Shop.
 13389 | Lair:1   | Entered Level 1 of the Lair of Beasts
 13793 | Lair:1   | Noticed a seven-headed hydra
 13818 | Lair:1   | Killed a seven-headed hydra
 13818 | Lair:1   | Reached skill level 1 in Armour
 14377 | Lair:1   | Found a runed translucent door.
 14630 | Lair:1   | Noticed an eight-headed hydra
 14639 | Lair:1   | Killed a ten-headed hydra
 14639 | Lair:1   | Reached ****** piety under Okawaru
 14804 | Lair:1   | Noticed a fire dragon
 14845 | Lair:1   | Killed a fire dragon
 14887 | Lair:1   | Got a slimy granite ring
 15149 | Lair:1   | Noticed Purph's ghost (journeyman MiBe)
 15209 | Lair:2   | Noticed a seven-headed hydra
 15220 | Lair:2   | Killed a seven-headed hydra
 15432 | Lair:2   | Received a gift from Okawaru
 15435 | Lair:2   | Got a slimy fustibalus {god gift}
 15526 | Lair:2   | Reached XP level 13. HP: 97/98 MP: 19/19
 15577 | Lair:2   | Identified the ring of the Original Sin {MR+ SInv} (You
                  | found it on level 1 of the Lair of Beasts)
 15647 | Lair:2   | Identified the +9 fustibalus of Satyriasis {flame, rPois}
                  | (Okawaru gifted it to you on level 2 of the Lair of Beasts)
 15726 | Lair:2   | Found a staircase to the Snake Pit.
 15741 | Lair:2   | Reached skill level 5 in Armour
 16458 | Lair:2   | Noticed a five-headed hydra
 16472 | Lair:2   | Killed a five-headed hydra
 16773 | Lair:2   | Got an ichor-stained mace
 16774 | Lair:2   | Identified the +2 mace of Midnight {crush, *Slow Str+7
                  | SInv} (You found it on level 2 of the Lair of Beasts)
 17496 | Lair:3   | Received a gift from Okawaru
 18026 | Lair:3   | Found a staircase to the Shoals.
 18513 | Lair:3   | HP: 10/226 [meliai/divine providence (10)]
 18515 | Lair:3   | HP: 3/226 [poisoned by a meliai]
 18516 | Lair:3   | Slain by a killer bee

Levels and vault maps discovered:
D:1:      minmay_arrival_four_houses, layout_loops_ring,
          hangedman_feature_mirror
D:2:      layout_loops_ring, chequers_ecumenical_altar_simple, uniq_robin
D:3:      layout_loops_corners, fiery_altar_vehumet, lemuel_round_altar,
          kiku_gazebo_garden_becter, lemuel_coloured_pillars_altar, first_ration
D:4:      layout_rooms, dancing_weapons_uskayaw, serial_forest,
          infiniplex_forest_zigzag_2, infiniplex_forest_clump_small,
          infiniplex_forest_clump_medium, infiniplex_forest_zigzag_1,
          infiniplex_forest_clump_double
D:5:      layout_basic, lemuel_crystal_altar, kennysheep_mini,
          minmay_temple_entry_mini_moons, basic_altar, uniq_blork_the_orc,
          uniq_pikel
D:6:      layout_loops_corners, lemuel_crystal_altar, serial_shops,
          shop_fountains, serial_rivers, chequers_serial_rivers_room_b,
          chequers_serial_rivers_micro_b, chequers_serial_rivers_micro_e,
          chequers_serial_rivers_micro_c
D:7:      layout_basic, lemuel_crystal_altar, elyvilon_altar_5, serial_shops,
          nicolae_shop_trees, uniq_joseph
D:8:      old_forge, layout_basic, grunt_temple_overflow_diamond,
          lemuel_doored_altar
D:9:      layout_big_octagon, zin_treasury
D:10:     layout_basic, orc_david_3
D:11:     layout_basic, grunt_lair_entry_orc_guard_hut, serial_shops, shop,
          shop_coins, shop
Temple:   corrupted_temple
Lair:1:   dragon1_lemuel, layout_cave_pods, ebering_ghost_reflecting_pool
Lair:2:   layout_long_grid, minmay_snake_entry_six_corridors,
          gammafunk_lair_bear_cave, infiniplex_staircase_pool_2,
          minmay_lair_oklob_chamber
Lair:3:   layout_roguey, shoals_dummy_entry
Lair:4:   layout_roguey [special_room_bee], minivault_23,
          kennysheep_abandoned_house, infiniplex_staircase_pool, uniq_snorg

Skill      XL: |  1  2  3  4  5  6  7  8  9 10 11 12 13 |
---------------+----------------------------------------+-----
Fighting       | 3 4 5 6 7 9 |  9.5
Axes           | 1 3 6 8 11 13 15 16 | 16.0
Invocations    | 1 3 4 5 8 |  8.0
Armour         | 4 7 |  7.2
Throwing       | |  4.5
Dodging        | |  2.1
Stealth        | |  1.0

Action                   |  1- 3 |  4- 6 |  7- 9 | 10-12 | 13-15 || total
-------------------------+-------+-------+-------+-------+-------++-------
Melee: Short sword       |    63 |       |       |       |       ||    63
       Hand axe          |    58 |   140 |       |       |       ||   198
       War axe           |       |   141 |   316 |  1005 |   313 ||  1775
       Punch             |       |       |       |     5 |     1 ||     6
       Flail             |       |       |       |    27 |    32 ||    59
       Mace              |       |       |       |       |    71 ||    71
Throw: Dart              |     5 |       |    12 |       |       ||    17
       Javelin           |       |       |       |       |     1 ||     1
Invok: Heroism           |       |       |       |    13 |     5 ||    18
 Abil: Evoke Berserk Rag |       |     1 |     3 |    12 |     2 ||    18
Evoke: Wand              |       |     2 |       |       |       ||     2
  Use: Scroll            |       |       |    10 |     7 |     6 ||    23
       Potion            |       |       |     1 |       |     1 ||     2
 Stab: Sleeping          |     1 |       |       |       |       ||     1
       Paralysed         |       |    15 |       |       |       ||    15
       Distracted        |       |       |     1 |       |       ||     1
       Held in net/web   |       |       |       |     2 |       ||     2
  Eat: Chunk             |     2 |     7 |    12 |    27 |     4 ||    52
       Ration            |       |     1 |       |     3 |     3 ||     7
Armor: Leather armour    |    46 |     1 |       |       |       ||    47
       Plate armour      |       |   208 |   200 |   227 |   231 ||   866
       Skin              |       |       |    36 |       |    50 ||    86
       Chain mail        |       |       |       |   160 |       ||   160
       Gold dragon scale |       |       |       |    38 |       ||    38
Dodge: Dodged            |   112 |    56 |    68 |   375 |   320 ||   931
